 Dungeon Crawl Stone Soup version 0.27-a0-679-g77a6b55cf3 (webtiles) character file.

Game seed: 9452877452361846531

60 rednaxela the Ruffian (level 3, -1/27 HPs)
             Began as a Palentonga Summoner on Mar 18, 2021.
             Slain by Sigmund
             ... wielding a +0 scythe
              (9 damage)
             ... on level 2 of the Dungeon.
             The game lasted 00:04:54 (1562 turns).

rednaxela the Ruffian (Palentonga Summoner)         Turns: 1562, Time: 00:04:54

Health: -1/27      AC:  5    Str: 12    XL:     3   Next: 80%
Magic:  6/6        EV:  8    Int: 15    God:
Gold:   58         SH:  0    Dex: 10    Spells: 5/6 levels left

rFire    . . .     SeeInvis +   g - +1 hand axe (venom)
rCold    . . .     Faith    .   (no shield)
rNeg     . . .     Spirit   .   c - +0 ring mail
rPois    .         Reflect  .   (no helmet)
rElec    .         Harm     .   (no cloak)
rCorr    .         Rampage  .   (no gloves)
Will     .....                  (no barding)
Stlth    +.........             (no amulet)
HPRegen  0.09/turn              (no ring)
MPRegen  0.10/turn              (no ring)

@: no status effects
A: large, rugged brown scales 3, see invisible, deformed body, roll 1, armoured
tail
a: Rolling Charge


You were on level 2 of the Dungeon.
You visited 1 branch of the dungeon, and saw 2 of its levels.

You collected 58 gold pieces.

Inventory:

Hand Weapons
 g - a +1 hand axe of venom (weapon)
   (You found it on level 1 of the Dungeon)
Armour
 c - a +0 ring mail (worn)
   (You took it off a hobgoblin on level 1 of the Dungeon)
Jewellery
 a - a ring of flight
   (You found it on level 1 of the Dungeon)
Scrolls
 d - a scroll of teleportation {unknown}
 e - a scroll of magic mapping {unknown}
 f - a scroll of random uselessness {unknown}
 i - a scroll of amnesia {unknown}
 j - a scroll of fear {unknown}
Potions
 b - 3 potions of resistance {unknown}
 h - a potion of haste {@q4 !q}


   Skills:
 - Level 1.5 Dodging
 - Level 1.2 Stealth
 + Level 3.4 Unarmed Combat
 - Level 2.1 Spellcasting
 - Level 3.2 Summonings


You had 5 spell levels left.
You knew the following spells:

 Your Spells              Type           Power      Damage    Failure   Level
a - Summon Small Mammal   Summ           44%        N/A       13%         1

Your spell library contained the following spells:

 Spells                   Type           Power      Damage    Failure   Level
 Call Imp                 Summ           11%        N/A       21%         2
 Call Canine Familiar     Summ           11%        N/A       36%         3
 Summon Guardian Golem    Hex/Summ       6%         N/A       61%         3
 Summon Ice Beast         Ice/Summ       6%         N/A       95%         4
 Summon Lightning Spire   Summ/Air       6%         N/A       95%         4


Dungeon Overview and Level Annotations

Branches:
Dungeon (2/15)

Altars:

Annotations:
D:2 Sigmund


Innate Abilities, Weirdness & Mutations

You are completely covered in rugged brown scales. (AC +3, +7% HP)
You have supernaturally acute eyesight. (SInv)
Armour fits poorly on your strangely shaped body.
You can roll at nearby foes to attack.
You have a long armoured tail.


Message History

A frilled lizard and an adder come into view.
The frilled lizard hisses angrily.
The adder hisses angrily.
Found a scroll labelled HIT OKLIONE.
There is a stone staircase leading up here.
The frilled lizard hisses.
The frilled lizard barely misses you. The adder bites you but does no damage.
You climb upwards.
There is a stone staircase leading down here.
You hit the frilled lizard.
You kill the frilled lizard!
No target in view!
There is a stone staircase leading down here.
You climb downwards.
A rat, a worm and Sigmund come into view.
Sigmund shouts!
Sigmund drinks a potion.
Sigmund seems to speed up.
Found a stone staircase leading down.
There is a stone staircase leading up here.
Sigmund says, "Look into my eyes."
Sigmund hits you from afar with a +0 scythe!
You climb upwards.
There is a stone staircase leading down here.
There is a stone staircase leading down here.
You start resting.
HP restored.
You climb downwards.
Level annotation: Sigmund The adder hisses angrily.
There is a stone staircase leading up here.
The adder bites you but does no damage. The adder bites you.
You climb upwards.
There is a stone staircase leading down here.
You hit the adder.
The adder is poisoned.
The adder is lightly wounded.
The adder bites you.
You are poisoned.
The adder poisons you!
You hit the adder.
The adder looks as sick as possible!
The adder is heavily wounded.
You feel sick. The adder bites you but does no damage. The adder bites you.
You feel sick.
You kill the adder!
You start resting.
You feel sick. x6
You are no longer poisoned.
You start resting.
HP restored.
There is a stone staircase leading down here.
You climb downwards.
Level annotation: Sigmund
There is a stone staircase leading up here.
j - a scroll labelled HIT OKLIONE A goblin comes into view.
It is wielding a +0 dagger.
The goblin shouts!
You hit the goblin.
The goblin is poisoned.
You tail-slap the goblin.
The goblin is severely wounded.
You kill the goblin!
You now have 58 gold pieces (gained 4).
You see here a +0 dagger.
Okay, then.
The kobold shouts!
You closely miss the kobold.
Your tail-slap misses the kobold.
The kobold hits you but does no damage.
You hit the kobold.
You kill the kobold!
No target in view!
Things that are here:
a +0 dagger; a kobold corpse The frilled lizard bites you but does no damage.
There's nothing you can charge at!
You hit the frilled lizard.
You kill the frilled lizard!
You see here a frilled lizard corpse.
Sigmund is nearby!
Sigmund shouts!
Sigmund casts a spell at you.
You are confused.
You are too confused!
Unknown command.
You bump into the rock wall.
Unknown command.
Sigmund points at you and mumbles some strange words.
The magic dart hits you!
Okay, then.
Sigmund laughs darkly.
You feel less confused.
You start resting.
Sigmund is nearby!
Roll where?
Press: ? - help, Dir - move target, f - Sigmund
Aim: Sigmund, wielding a +0 scythe and wearing a +0 robe You roll forward with a clatter of scales!
You completely miss Sigmund. Sigmund hits you with a +0 scythe. x2
* * * LOW HITPOINT WARNING * * *
You closely miss Sigmund. Sigmund closely misses you.
You hit Sigmund.
Sigmund is poisoned.
Sigmund is lightly wounded.
Sigmund hits you with a +0 scythe!
* * * LOW HITPOINT WARNING * * *
Sigmund hits you from afar with a +0 scythe!
You die...

.. #.###############)...#
.#
#.#...############..##.....
.. #...........##...)..#
.... ..
#......<....##.####........
.. #...........†..# #......
.. ###..........###
#....... #......@..##
##...... #.........# ......
#........@#####.........
#..$......°.....#
#####......######
....###### ###. .. #.


You could see Sigmund (very poisoned).

Vanquished Creatures
  A gnoll (D:1)
  An adder (D:1)
  A dart slug (D:1)
  2 leopard geckos (D:1)
  2 ball pythons (D:1)
  A giant cockroach (D:1)
  3 goblins
  6 hobgoblins (D:1)
  3 kobolds
  A quokka (D:1)
  5 bats (D:1)
  5 frilled lizards
  4 rats (D:1)
35 creatures vanquished.

Vanquished Creatures (collateral kills)
  A goblin (D:1)
  A frilled lizard (D:1)
2 creatures vanquished.

Grand Total: 37 creatures vanquished

Notes
Turn   | Place    | Note
-------+----------+-------------------------------------------
     0 | D:1      | rednaxela the Palentonga Summoner began the quest for the
                  | Orb.
     0 | D:1      | Reached XP level 1. HP: 14/14 MP: 3/3
    76 | D:1      | Reached skill level 1 in Unarmed Combat
    96 | D:1      | Reached XP level 2. HP: 7/21 MP: 3/5
   372 | D:1      | Reached skill level 2 in Unarmed Combat
   604 | D:1      | Reached XP level 3. HP: 27/27 MP: 6/6
   725 | D:1      | Reached skill level 3 in Unarmed Combat
  1264 | D:2      | Noticed Sigmund
  1562 | D:2      | Slain by Sigmund

Illustrated notes

Levels and vault maps discovered:
D:1:      dpeg_arrival_rhombus, layout_loops_ring, kennysheep_nondescript
D:2:      layout_rooms, tso_metal_star, uniq_crazy_yiuf_cottage, uniq_sigmund

Skill      XL: |  1  2  3 |
---------------+----------+-----
Unarmed Combat | 1 2 3 |  3.4
Dodging        | |  1.5
Stealth        | |  1.2
Spellcasting   | |  2.1
Summonings     | |  3.2

Action                   || total
-------------------------++-------
Melee: Short sword       ||    35
       Tailslap          ||     6
       Hand axe          ||    53
 Cast: Summon Small Mamm ||     2
 Abil: Rolling Charge    ||    12
 Stab: Sleeping          ||     1
Armor: Robe              ||    17
       Ring mail         ||    20
Dodge: Dodged            ||    38

Table legend: (Time is in decaauts)
 A = Elapsed time spent in this place.
 B = Non-inter-level travel time spent in this place.
 C = Inter-level travel time spent in this place.
 D = Time resting spent in this place.
 E = Time spent auto-exploring this place.
 F = Levels seen in this place.
 G = Mean time per level.
                   A        B        C        D        E       F      G
               +--------+--------+--------+--------+--------+-----+--------+
         Total |   1584 |   1520 |     64 |    419 |    690 |   2 |  792.0 |
       Dungeon |   1584 |   1520 |     64 |    419 |    690 |   2 |  792.0 |
               +--------+--------+--------+--------+--------+-----+--------+

Top non-repeatable levels by time:
     D:1: 1522 daAuts
     D:2: 61 daAuts
